Tigers vs Phantoms

Created - Wednesday, February 17, 2016 at 01:18

Goals
1 2 3 OT1 SO T
Tigers 1 0 0 0 1 2
Phantoms 1 0 0 0 0 1
Shots
1 2 3 OT1 SO T
Tigers 25 4 5 6 3 40
Phantoms 7 9 10 3 3 29

1st period

1. Phantoms , Deryk Engelland 10 (Bryan Allen, Garrett Wilson) at 0:48 (PP)
2. Tigers , Ty Rattie 16 (Brandon Bollig, Kane Lafranchise) at 16:46

Penalties :
Chris Neil (LEH) for Fighting (Major) at 0:03, Alexander Khokhlachev (BRI) for Fighting (Major) at 0:03, Adam Comrie (BRI) for Goalie Interference (Minor) at 0:39, Garrett Wilson (LEH) for Roughing (Minor) at 0:57, Keegan Lowe (LEH) for Hooking (Minor) at 8:39, Tom Sestito (LEH) for Fighting (Major) at 11:54, Anthony Peluso (BRI) for Fighting (Major) at 11:54, Chris Neil (LEH) for Fighting (Major) at 13:15, Caleb Herbert (BRI) for Fighting (Major) at 13:15, Cody Bass (LEH) for Hooking (Minor) at 19:26

2nd period

No Goal

Penalties :
FARM PLAYER28 (LEH) for Slashing (Minor) at 7:42, Anthony Peluso (BRI) for Hooking (Minor) at 11:12, Stephen Johns (LEH) for Fighting (Major) at 13:49, Brandon Bollig (BRI) for Fighting (Major) at 13:49, Stephen Johns (LEH) for instigated a fight (Minor) at 13:49, Stephen Johns (LEH) for instigated a fight (10 Minutes Misconduct) at 13:49

3rd period

No Goal

Penalties :
Chris Neil (LEH) for Roughing (Minor) at 6:15, Ian White (BRI) for Goalie Interference (Minor) at 13:55, Rene Bourque (BRI) for Hooking (Minor) at 17:25

Overtime #1

No Goal

Penalties :
No Penalty

Shootout

Penalty Shot by Ronalds Kenins for Tigers - Stopped by Marek Mazanec
Penalty Shot by Deryk Engelland for Phantoms - Shot Misses the Net
Penalty Shot by Rene Bourque for Tigers - Shot Misses the Net
Penalty Shot by Chris Neil for Phantoms - Stopped by Cam Ward
Penalty Shot by Brandon Bollig for Tigers - Goal!
Penalty Shot by Garrett Wilson for Phantoms - Shot Misses the Net

Penalties :
No Penalty

Goalie Stats

Cam Ward (BRI), 28 saves from 29 shots - (0.966), W, 36-5-14, 65:00 minutes
Marek Mazanec (LEH), 39 saves from 40 shots - (0.975), OTL, 29-14-16, 65:00 minutes

Players Stats for Tigers

Player Name              G  A  P  +/- PIM S  H  SB GA TA FO     MP     PP MP  PK MP  
------------------------------------------------------------------------------------
Adam Comrie              0  0  0   1  2   0  1  0  0  3  0/0    20:58   4:21   1:56 
Alexander Khokhlachev    0  0  0   0  5   2  2  0  6  0  10/14  13:23   4:46   0:00 
Anthony Peluso           0  0  0   0  7   4  2  0  1  0  0/0    10:30   0:22   0:00 
Brandon Bollig           0  1  1   1  5   5  4  1  3  2  0/1    17:55   4:45   0:23 
Brandon Defazio          0  0  0   0  0   1  1  0  1  1  4/5    16:41   4:12   3:16 
Caleb Herbert            0  0  0   0  5   0  0  0  0  1  0/1     8:57   0:00   0:00 
Carter Rowney            0  0  0   1  0   3  1  0  0  0  10/14  19:18   5:57   0:00 
Chandler Stephenson      0  0  0   0  0   2  0  0  0  0  8/11   13:27   0:00   1:36 
Ian White                0  0  0   0  2   1  1  2  0  0  0/0    15:05   0:00   0:00 
Jordan Leopold           0  0  0   0  0   3  1  5  0  1  0/0    29:00   7:33   4:10 
Justin Kea               0  0  0   0  0   0  0  0  0  0  1/1     0:48   0:00   0:48 
Kane Lafranchise         0  1  1   1  0   0  1  0  0  0  0/0    20:59   4:21   1:56 
Keith Seabrook           0  0  0   0  0   0  1  0  0  0  0/0    15:01   0:00   0:00 
Kyle Quincey             0  0  0   0  0   3  3  3  0  1  0/0    29:00   7:33   4:10 
Patrick Kaleta           0  0  0   0  0   5  1  0  9  1  2/5    23:17   4:30   2:11 
Rene Bourque             0  0  0   0  2   2  0  0  2  0  0/0    23:45   4:31   1:19 
Ronalds Kenins           0  0  0   0  0   1  3  0  3  0  0/2    14:54   0:00   2:16 
Ty Rattie                1  0  1   1  0   8  1  0  5  1  0/1    20:48   6:39   0:23 

Players Stats for Phantoms

Player Name              G  A  P  +/- PIM S  H  SB GA TA FO     MP     PP MP  PK MP  
------------------------------------------------------------------------------------
Bryan Allen              0  1  1   0  0   6  1  4  3  1  0/0    25:09   3:13   6:19 
Chris Langkow            0  0  0   0  0   2  0  0  0  1  11/18  17:50   3:01   3:01 
Chris Neil               0  0  0   0  12  2  0  0  4  0  2/10   20:41   2:28   5:16 
Cody Bass                0  0  0   0  2   2  1  1  2  1  0/0    16:42   3:05   0:00 
Denver Manderson         0  0  0  -1  0   2  0  0  0  0  0/0    16:05   0:24   0:00 
Deryk Engelland          1  0  1  -1  0   4  3  4  1  5  0/2    27:43   3:13   6:19 
FARM PLAYER28            0  0  0   0  2   1  0  0  0  0  0/0    16:07   0:00   1:56 
Garrett Wilson           0  1  1   0  2   4  0  2  2  1  0/2    24:22   3:01   7:35 
Greg Zanon               0  0  0  -1  0   1  1  2  3  3  0/0    22:24   2:53   5:35 
Jared Nightingale        0  0  0   0  0   1  0  1  0  1  0/0    11:20   0:00   0:00 
Justin Mercier           0  0  0   0  0   0  3  0  1  1  4/10   17:49   0:10   0:00 
Keegan Lowe              0  0  0   0  2   1  0  0  0  0  0/0     9:48   0:00   0:00 
Martin Gernat            0  0  0  -1  0   1  1  3  0  4  0/0    22:24   2:53   5:35 
Mitch Moroz              0  0  0  -1  0   1  0  0  0  1  1/3     9:15   0:00   2:45 
Nathan Longpre           0  0  0   0  0   1  3  1  0  0  2/10   16:24   3:05   0:00 
Stephen Johns            0  0  0   0  17  0  0  0  0  0  0/0     7:37   0:00   0:00 
Steve McCarthy           0  0  0   0  0   0  0  0  0  0  0/0     6:07   0:00   0:00 
Tom Sestito              0  0  0   0  5   0  4  1  0  0  0/0    20:10   3:04   3:15 

3 Stars

1 - Marek Mazanec (LEH)
2 - Cam Ward (BRI)
3 - Ty Rattie (BRI)

Power Play

Tigers - 0 on 6 Attempt(s) - 0.00%
Phantoms - 1 on 4 Attempt(s) - 25.00%

Penalty Kill

Tigers - 3 on 4 Attempt(s) - 75.00% - Score 0 goal in Penalty Kill
Phantoms - 6 on 6 Attempt(s) - 100.00% - Score 0 goal in Penalty Kill

Team Stat

Tigers - Hits : 23 - Faceoff Wins : 35 - Blocked Shots : 11 - Penalty Minutes : 28
Phantoms - Hits : 17 - Faceoff Wins : 20 - Blocked Shots : 19 - Penalty Minutes : 42

Official

Referees : Unknown
Linesman : Unknown

Game Notes

Alexander Khokhlachev beats up Chris Neil at 0:03 of 1st period
Tom Sestito beats up Anthony Peluso at 11:54 of 1st period
Chris Neil beats up Caleb Herbert at 13:15 of 1st period
Stephen Johns and Brandon Bollig fight to a draw at 13:49 of 2nd period

Finance

Level 1 -- Attendance: 1510 (75.50%) -- Ticket Income $18,120
Level 2 -- Attendance: 693 (69.30%) -- Ticket Income $3,465
Total Attendance: 2203 (73.43%)
Total Ticket Income: $21,585
Other Income: $10,577
Total Income: $32,162

Tigers

5 vs 5 Forward 
   Center                   Left Wing                Right Wing               Time % Phy DF OF 
 1 Alexander Khokhlachev    Patrick Kaleta           Rene Bourque             35     1   2  2  
 2 Carter Rowney            Brandon Bollig           Ty Rattie                30     1   2  2  
 3 Chandler Stephenson      Patrick Kaleta           Anthony Peluso           22     1   2  2  
 4 Caleb Herbert            Ronalds Kenins           Rene Bourque             13     1   2  2  

5 vs 5 Defense 
   Defense                  Defense                                           Time % Phy DF OF 
 1 Kyle Quincey             Jordan Leopold                                    35     1   2  2  
 2 Adam Comrie              Kane Lafranchise                                  30     1   2  2  
 3 Ian White                Keith Seabrook                                    22     1   2  2  
 4 Kyle Quincey             Jordan Leopold                                    13     1   2  2  

PowerPlay Forward 
   Center                   Left Wing                Right Wing               Time % Phy DF OF 
 1 Alexander Khokhlachev    Patrick Kaleta           Rene Bourque             60     1   2  2  
 2 Carter Rowney            Brandon Bollig           Ty Rattie                40     1   2  2  

PowerPlay Defense
   Defense                  Defense                                           Time % Phy DF OF 
 1 Kyle Quincey             Jordan Leopold                                    60     1   2  2  
 2 Adam Comrie              Kane Lafranchise                                  40     1   2  2  

Penalty Kill 4 Players Forward 
   Center                   Wing                     Time % Phy DF OF 
 1 Patrick Kaleta           Rene Bourque             60     1   2  2  
 2 Brandon Bollig           Ty Rattie                40     1   2  2  

Penalty Kill 4 Players Defense
   Defense                  Defense                  Time % Phy DF OF 
 1 Kyle Quincey             Jordan Leopold           60     1   2  2  
 2 Adam Comrie              Kane Lafranchise         40     1   2  2  

Penalty Kill - 3 Players Forward 
   Forward                                           Time % Phy DF OF 
 1 Brandon Bollig                                    60     1   2  2  
 2 Rene Bourque                                      40     1   2  2  

Penalty Kill - 3 Players Defense
   Defense                  Defense                  Time % Phy DF OF 
 1 Kyle Quincey             Jordan Leopold           60     1   2  2  
 2 Adam Comrie              Kane Lafranchise         40     1   2  2  

4 vs 4 Forward 
   Center                   Wing                     Time % Phy DF OF 
 1 Alexander Khokhlachev    Rene Bourque             60     1   2  2  
 2 Brandon Bollig           Ty Rattie                40     1   2  2  

4 vs 4 Defense
   Defense                  Defense                  Time % Phy DF OF 
 1 Kyle Quincey             Jordan Leopold           60     1   2  2  
 2 Adam Comrie              Kane Lafranchise         40     1   2  2  

Last Minutes Offensive
   Center                   Left Wing                Right Wing               Defense                  Defense                  
   Alexander Khokhlachev    Brandon Bollig           Rene Bourque             Kyle Quincey             Jordan Leopold           

Last Minutes Defensive
   Center                   Left Wing                Right Wing               Defense                  Defense                  
   Alexander Khokhlachev    Brandon Bollig           Rene Bourque             Kyle Quincey             Jordan Leopold           

Goaltenders
Starting : Cam Ward                 
Backup : Scott Munroe             

Extra Forwards
Normal : Brandon Defazio, Patrick Kaleta, Ronalds Kenins - PP : Brandon Defazio, Patrick Kaleta - PK : Ronalds Kenins
Extra Defensemen
Normal : Ian White, Keith Seabrook, Adam Comrie - PP : Ian White - PK : Keith Seabrook, Adam Comrie
Penalty Shots
Ronalds Kenins, Rene Bourque, Brandon Bollig, Ty Rattie, Patrick Kaleta

Phantoms

5 vs 5 Forward 
   Center                   Left Wing                Right Wing               Time % Phy DF OF 
 1 Chris Langkow            Garrett Wilson           Chris Neil               35     1   2  2  
 2 Nathan Longpre           Tom Sestito              Cody Bass                30     1   2  2  
 3 Justin Mercier           Denver Manderson         FARM PLAYER28            22     1   2  2  
 4 Deryk Engelland          Mitch Moroz              Chris Neil               13     1   2  2  

5 vs 5 Defense 
   Defense                  Defense                                           Time % Phy DF OF 
 1 Bryan Allen              Deryk Engelland                                   35     1   2  2  
 2 Greg Zanon               Martin Gernat                                     30     1   2  2  
 3 Stephen Johns            Jared Nightingale                                 22     1   2  2  
 4 Keegan Lowe              Steve McCarthy                                    13     1   2  2  

PowerPlay Forward 
   Center                   Left Wing                Right Wing               Time % Phy DF OF 
 1 Chris Langkow            Garrett Wilson           Chris Neil               60     1   2  2  
 2 Nathan Longpre           Tom Sestito              Cody Bass                40     1   2  2  

PowerPlay Defense
   Defense                  Defense                                           Time % Phy DF OF 
 1 Bryan Allen              Deryk Engelland                                   60     1   2  2  
 2 Greg Zanon               Martin Gernat                                     40     1   2  2  

Penalty Kill 4 Players Forward 
   Center                   Wing                     Time % Phy DF OF 
 1 Chris Neil               Garrett Wilson           60     1   2  2  
 2 Chris Langkow            Tom Sestito              40     1   2  2  

Penalty Kill 4 Players Defense
   Defense                  Defense                  Time % Phy DF OF 
 1 Bryan Allen              Deryk Engelland          60     1   2  2  
 2 Greg Zanon               Martin Gernat            40     1   2  2  

Penalty Kill - 3 Players Forward 
   Forward                                           Time % Phy DF OF 
 1 Chris Neil                                        60     1   2  2  
 2 Garrett Wilson                                    40     1   2  2  

Penalty Kill - 3 Players Defense
   Defense                  Defense                  Time % Phy DF OF 
 1 Bryan Allen              Deryk Engelland          60     1   2  2  
 2 Greg Zanon               Martin Gernat            40     1   2  2  

4 vs 4 Forward 
   Center                   Wing                     Time % Phy DF OF 
 1 Chris Neil               Garrett Wilson           60     1   2  2  
 2 Chris Langkow            Tom Sestito              40     1   2  2  

4 vs 4 Defense
   Defense                  Defense                  Time % Phy DF OF 
 1 Bryan Allen              Deryk Engelland          60     1   2  2  
 2 Greg Zanon               Martin Gernat            40     1   2  2  

Last Minutes Offensive
   Center                   Left Wing                Right Wing               Defense                  Defense                  
   Chris Langkow            Garrett Wilson           Chris Neil               Bryan Allen              Deryk Engelland          

Last Minutes Defensive
   Center                   Left Wing                Right Wing               Defense                  Defense                  
   Chris Langkow            Garrett Wilson           Chris Neil               Bryan Allen              Deryk Engelland          

Goaltenders
Starting : Marek Mazanec            
Backup : Laurent Brossoit         

Extra Forwards
Normal : Justin Mercier, Denver Manderson, Mitch Moroz - PP : Justin Mercier, Denver Manderson - PK : Mitch Moroz
Extra Defensemen
Normal : Stephen Johns, Jared Nightingale, Keegan Lowe - PP : Stephen Johns - PK : Jared Nightingale, Keegan Lowe
Penalty Shots
Deryk Engelland, Chris Neil, Garrett Wilson, Chris Langkow, Tom Sestito

% Time on Ice - Tigers

Lines # - Real PCT - Wanted PCT - Time Play
Normal Forward
1 - 16% - 35% - 6:45
2 - 32% - 30% - 13:21
3 - 27% - 22% - 11:25
4 - 25% - 13% - 10:29
Normal Defense
1 - 32% - 35% - 13:37
2 - 30% - 30% - 12:29
3 - 36% - 22% - 15:01
4 - 2% - 13% - 0:53
PP Forward
1 - 50% - 60% - 5:57
2 - 50% - 40% - 5:57
PP Defense
1 - 63% - 60% - 7:33
2 - 37% - 40% - 4:21
PK Forward
1 - 94% - 60% - 5:43
2 - 6% - 40% - 0:23
PK Defense
1 - 68% - 60% - 4:10
2 - 32% - 40% - 1:56
PK3 Forward
1 - 0% - 60%
2 - 0% - 40%
PK3 Defense
1 - 0% - 60%
2 - 0% - 40%
44 Forward
1 - 92% - 60% - 4:35
2 - 8% - 40% - 0:25
44 Defense
1 - 56% - 60% - 2:47
2 - 44% - 40% - 2:13
Last Minute Offensive  - 0:00
Last Minute Defensive  - 0:00
Total
Forward - 65:00
Defense - 65:00

% Time on Ice - Phantoms

Lines # - Real PCT - Wanted PCT - Time Play
Normal Forward
1 - 27% - 35% - 11:18
2 - 34% - 30% - 14:16
3 - 28% - 22% - 11:52
4 - 11% - 13% - 4:34
Normal Defense
1 - 30% - 35% - 12:38
2 - 28% - 30% - 11:55
3 - 27% - 22% - 11:20
4 - 15% - 13% - 6:07
PP Forward
1 - 49% - 60% - 3:01
2 - 51% - 40% - 3:05
PP Defense
1 - 53% - 60% - 3:13
2 - 47% - 40% - 2:53
PK Forward
1 - 75% - 60% - 8:53
2 - 25% - 40% - 3:01
PK Defense
1 - 53% - 60% - 6:19
2 - 47% - 40% - 5:35
PK3 Forward
1 - 0% - 60%
2 - 0% - 40%
PK3 Defense
1 - 0% - 60%
2 - 0% - 40%
44 Forward
1 - 81% - 60% - 4:02
2 - 19% - 40% - 0:58
44 Defense
1 - 60% - 60% - 2:59
2 - 40% - 40% - 2:01
Last Minute Offensive  - 0:00
Last Minute Defensive  - 0:00
Total
Forward - 65:00
Defense - 65:00

Play by Play

1st period


0:01 of 1st period - Alexander Khokhlachev wins face-off versus Chris Langkow in neutral zone.
0:03 of 1st period - Alexander Khokhlachev beats up Chris Neil.
0:03 of 1st period - Penalty to Chris Neil for Fighting.
0:03 of 1st period - Penalty to Alexander Khokhlachev for Fighting.
0:04 of 1st period - Carter Rowney wins face-off versus Nathan Longpre in Phantoms zone.
0:39 of 1st period - Minor Penalty to Adam Comrie for Goalie Interference.
0:40 of 1st period - Chris Langkow wins face-off versus Patrick Kaleta in Tigers zone.
0:44 of 1st period - Slapshot by Bryan Allen.
0:44 of 1st period - Shot Blocked by Kyle Quincey.
0:46 of 1st period - Wrist shot by Bryan Allen.
0:46 of 1st period - Stopped by Cam Ward with a rebound.
0:48 of 1st period - Slapshot by Deryk Engelland.
0:48 of 1st period - Goal by Deryk Engelland - Tigers : 0 - Phantoms : 1.
0:49 of 1st period - Brandon Defazio wins face-off versus Chris Langkow in neutral zone.
0:57 of 1st period - Minor Penalty to Garrett Wilson for Roughing.
0:58 of 1st period - Brandon Defazio wins face-off versus Mitch Moroz in Phantoms zone.
1:04 of 1st period - Wrist shot by Patrick Kaleta.
1:04 of 1st period - Shot Misses the Net.
1:06 of 1st period - Slapshot by Jordan Leopold.
1:06 of 1st period - Shot Blocked by Bryan Allen.
1:14 of 1st period - Wrist shot by Patrick Kaleta.
1:14 of 1st period - Stopped by Marek Mazanec with a rebound.
1:16 of 1st period - Snap shot by Jordan Leopold.
1:16 of 1st period - Shot Blocked by Deryk Engelland.
1:18 of 1st period - Slapshot by Jordan Leopold.
1:18 of 1st period - Shot Blocked by Deryk Engelland.
1:20 of 1st period - Slapshot by Kyle Quincey.
1:20 of 1st period - Shot Blocked by Bryan Allen.
1:45 of 1st period - Slapshot by Kyle Quincey.
1:45 of 1st period - Deflect By Ty Rattie.
1:45 of 1st period - Shot Misses the Net.
1:45 of 1st period - Puck is out of play.
1:46 of 1st period - Carter Rowney wins face-off versus Chris Langkow in Phantoms zone.
2:41 of 1st period - Slapshot by Kyle Quincey.
2:41 of 1st period - Shot Blocked by Martin Gernat.
2:43 of 1st period - Snap shot by Brandon Defazio.
2:43 of 1st period - Stopped by Marek Mazanec without a rebound.
2:44 of 1st period - Chris Langkow wins face-off versus Brandon Defazio in Phantoms zone.
2:55 of 1st period - Slapshot by Bryan Allen.
2:55 of 1st period - Stopped by Cam Ward with a rebound.
2:57 of 1st period - Penalty to Garrett Wilson is over, Garrett Wilson is back on ice.
3:13 of 1st period - Snap shot by Anthony Peluso.
3:13 of 1st period - Stopped by Marek Mazanec with a rebound.
3:15 of 1st period - Snap shot by Patrick Kaleta.
3:15 of 1st period - Shot Misses the Net.
3:17 of 1st period - Slapshot by Jordan Leopold.
3:17 of 1st period - Shot Misses the Net.
3:47 of 1st period - Slapshot by Ronalds Kenins.
3:47 of 1st period - Shot Misses the Net.
3:49 of 1st period - Snap shot by Ronalds Kenins.
3:49 of 1st period - Deflect By Rene Bourque.
3:49 of 1st period - Stopped by Marek Mazanec with a rebound.
4:56 of 1st period - Chris Langkow is hit by Adam Comrie and loses puck.
5:25 of 1st period - Snap shot by Brandon Bollig.
5:25 of 1st period - Shot Blocked by Garrett Wilson.
5:27 of 1st period - Slapshot by Ty Rattie.
5:27 of 1st period - Shot Blocked by Garrett Wilson.
5:29 of 1st period - Slapshot by Kyle Quincey.
5:29 of 1st period - Stopped by Marek Mazanec with a rebound.
5:31 of 1st period - Slapshot by Carter Rowney.
5:31 of 1st period - Stopped by Marek Mazanec with a rebound.
5:38 of 1st period - Icing by Stephen Johns.
5:39 of 1st period - Chris Langkow wins face-off versus Chandler Stephenson in Phantoms zone.
6:27 of 1st period - Bryan Allen is hit by Ty Rattie and loses puck.
7:02 of 1st period - Wrist shot by Anthony Peluso.
7:02 of 1st period - Deflect By Patrick Kaleta.
7:02 of 1st period - Shot Blocked by Cody Bass.
7:02 of 1st period - Puck is out of play.
7:03 of 1st period - Chandler Stephenson wins face-off versus Nathan Longpre in Phantoms zone.
8:05 of 1st period - Wrist shot by Patrick Kaleta.
8:05 of 1st period - Stopped by Marek Mazanec with a rebound.
8:07 of 1st period - Slapshot by Rene Bourque.
8:07 of 1st period - Deflect By Patrick Kaleta.
8:07 of 1st period - Stopped by Marek Mazanec without a rebound.
8:08 of 1st period - Alexander Khokhlachev wins face-off versus Justin Mercier in Phantoms zone.
8:27 of 1st period - Deryk Engelland is hit by Kane Lafranchise and loses puck.
8:34 of 1st period - Slapshot by Keegan Lowe.
8:34 of 1st period - Stopped by Cam Ward with a rebound.
8:36 of 1st period - Snap shot by Deryk Engelland.
8:36 of 1st period - Stopped by Cam Ward with a rebound.
8:38 of 1st period - Backhand shot by Mitch Moroz.
8:38 of 1st period - Shot Misses the Net.
8:39 of 1st period - Minor Penalty to Keegan Lowe for Hooking.
8:40 of 1st period - Carter Rowney wins face-off versus Chris Neil in Phantoms zone.
8:51 of 1st period - Snap shot by Brandon Bollig.
8:51 of 1st period - Stopped by Marek Mazanec with a rebound.
9:34 of 1st period - Slapshot by Ty Rattie.
9:34 of 1st period - Shot Blocked by Deryk Engelland.
9:36 of 1st period - Slapshot by Kane Lafranchise.
9:36 of 1st period - Shot Blocked by Tom Sestito.
10:39 of 1st period - Penalty to Keegan Lowe is over, Keegan Lowe is back on ice.
10:44 of 1st period - Chris Langkow is hit by Jordan Leopold.
11:18 of 1st period - Off-side.
11:19 of 1st period - Chandler Stephenson wins face-off versus Justin Mercier in neutral zone.
11:24 of 1st period - Slapshot by Brandon Defazio.
11:24 of 1st period - Shot Misses the Net.
11:26 of 1st period - Wrist shot by Chandler Stephenson.
11:26 of 1st period - Stopped by Marek Mazanec with a rebound.
11:28 of 1st period - Wrist shot by Chandler Stephenson.
11:28 of 1st period - Stopped by Marek Mazanec without a rebound.
11:29 of 1st period - Chandler Stephenson wins face-off versus Nathan Longpre in Phantoms zone.
11:30 of 1st period - Wrist shot by Anthony Peluso.
11:30 of 1st period - Shot Blocked by Martin Gernat.
11:48 of 1st period - Snap shot by Chandler Stephenson.
11:48 of 1st period - Shot Misses the Net.
11:54 of 1st period - Tom Sestito beats up Anthony Peluso.
11:54 of 1st period - Penalty to Tom Sestito for Fighting.
11:54 of 1st period - Penalty to Anthony Peluso for Fighting.
11:55 of 1st period - Justin Mercier wins face-off versus Carter Rowney in neutral zone.
13:04 of 1st period - Slapshot by Kyle Quincey.
13:04 of 1st period - Shot Misses the Net.
13:10 of 1st period - Snap shot by Chris Neil.
13:10 of 1st period - Shot Misses the Net.
13:12 of 1st period - Slapshot by Chris Langkow.
13:12 of 1st period - Shot Misses the Net.
13:14 of 1st period - Slapshot by Greg Zanon.
13:14 of 1st period - Shot Misses the Net.
13:15 of 1st period - Chris Neil beats up Caleb Herbert.
13:15 of 1st period - Penalty to Chris Neil for Fighting.
13:15 of 1st period - Penalty to Caleb Herbert for Fighting.
13:16 of 1st period - Chris Langkow wins face-off versus Brandon Bollig in Tigers zone.
13:46 of 1st period - Backhand shot by Ty Rattie.
13:46 of 1st period - Stopped by Marek Mazanec without a rebound.
13:47 of 1st period - Chandler Stephenson wins face-off versus Nathan Longpre in Phantoms zone.
14:43 of 1st period - Snap shot by Chris Langkow.
14:43 of 1st period - Deflect By Ian White.
14:43 of 1st period - Stopped by Cam Ward with a rebound.
15:08 of 1st period - Greg Zanon is hit by Keith Seabrook and loses puck.
15:17 of 1st period - Slapshot by Ty Rattie.
15:17 of 1st period - Shot Blocked by Greg Zanon.
15:19 of 1st period - Wrist shot by Carter Rowney.
15:19 of 1st period - Stopped by Marek Mazanec without a rebound.
15:20 of 1st period - Alexander Khokhlachev wins face-off versus Deryk Engelland in Phantoms zone.
15:55 of 1st period - Garrett Wilson is hit by Kyle Quincey and loses puck.
16:44 of 1st period - Slapshot by Brandon Bollig.
16:44 of 1st period - Stopped by Marek Mazanec with a rebound.
16:46 of 1st period - Slapshot by Ty Rattie.
16:46 of 1st period - Goal by Ty Rattie - Tigers : 1 - Phantoms : 1.
16:47 of 1st period - Chandler Stephenson wins face-off versus Chris Langkow in neutral zone.
16:50 of 1st period - Wrist shot by Patrick Kaleta.
16:50 of 1st period - Shot Misses the Net.
17:26 of 1st period - Slapshot by Cody Bass.
17:26 of 1st period - Shot Misses the Net.
17:39 of 1st period - Carter Rowney is hit by Tom Sestito and loses puck.
18:00 of 1st period - Bryan Allen is hit by Ronalds Kenins and loses puck.
18:11 of 1st period - Slapshot by Bryan Allen.
18:11 of 1st period - Shot Blocked by Jordan Leopold.
18:19 of 1st period - Slapshot by Bryan Allen.
18:19 of 1st period - Stopped by Cam Ward without a rebound.
18:20 of 1st period - Chandler Stephenson wins face-off versus Chris Langkow in Tigers zone.
18:29 of 1st period - Snap shot by Anthony Peluso.
18:29 of 1st period - Stopped by Marek Mazanec without a rebound.
18:30 of 1st period - Chandler Stephenson wins face-off versus Chris Langkow in Phantoms zone.
18:45 of 1st period - Snap shot by Anthony Peluso.
18:45 of 1st period - Stopped by Marek Mazanec without a rebound.
18:46 of 1st period - Justin Mercier wins face-off versus Carter Rowney in Phantoms zone.
19:05 of 1st period - Snap shot by Justin Mercier.
19:05 of 1st period - Shot Blocked by Jordan Leopold.
19:07 of 1st period - Snap shot by FARM PLAYER28.
19:07 of 1st period - Deflect By Ty Rattie.
19:07 of 1st period - Shot Blocked by Jordan Leopold.
19:07 of 1st period - Puck is out of play.
19:08 of 1st period - Alexander Khokhlachev wins face-off versus Nathan Longpre in Tigers zone.
19:26 of 1st period - Minor Penalty to Cody Bass for Hooking.
19:27 of 1st period - Carter Rowney wins face-off versus Chris Neil in Phantoms zone.
19:33 of 1st period - Snap shot by Ty Rattie.
19:33 of 1st period - Stopped by Marek Mazanec without a rebound.
19:34 of 1st period - Carter Rowney wins face-off versus Chris Neil in Phantoms zone.
19:37 of 1st period - Snap shot by Ty Rattie.
19:37 of 1st period - Stopped by Marek Mazanec with a rebound.
19:39 of 1st period - Wrist shot by Brandon Bollig.
19:39 of 1st period - Stopped by Marek Mazanec with a rebound.
19:41 of 1st period - Slapshot by Kyle Quincey.
19:41 of 1st period - Shot Misses the Net.
19:43 of 1st period - Wrist shot by Carter Rowney.
19:43 of 1st period - Stopped by Marek Mazanec with a rebound.
19:45 of 1st period - Slapshot by Jordan Leopold.
19:45 of 1st period - Stopped by Marek Mazanec with a rebound.
19:47 of 1st period - Wrist shot by Ty Rattie.
19:47 of 1st period - Shot Misses the Net.
19:49 of 1st period - Snap shot by Brandon Bollig.
19:49 of 1st period - Shot Blocked by Bryan Allen.
19:51 of 1st period - Wrist shot by Brandon Bollig.
19:51 of 1st period - Stopped by Marek Mazanec without a rebound.
19:52 of 1st period - Alexander Khokhlachev wins face-off versus Chris Neil in Phantoms zone.
19:53 of 1st period - Slapshot by Kyle Quincey.
19:53 of 1st period - Stopped by Marek Mazanec with a rebound.
19:55 of 1st period - Slapshot by Kyle Quincey.
19:55 of 1st period - Stopped by Marek Mazanec without a rebound.
19:56 of 1st period - Alexander Khokhlachev wins face-off versus Garrett Wilson in Phantoms zone.
Goals for this period are 1 for Tigers vs 1 for Phantoms.
Shots for this period are 25 for Tigers vs 7 for Phantoms.

2nd period


0:01 of 2nd period - Chris Neil wins face-off versus Alexander Khokhlachev in neutral zone.
0:52 of 2nd period - Bryan Allen is hit by Kyle Quincey and loses puck.
1:26 of 2nd period - Penalty to Cody Bass is over, Cody Bass is back on ice.
2:23 of 2nd period - Rene Bourque is hit by Bryan Allen and loses puck.
2:38 of 2nd period - Ronalds Kenins is hit by Tom Sestito and loses puck.
2:53 of 2nd period - Wrist shot by Cody Bass.
2:53 of 2nd period - Stopped by Cam Ward with a rebound.
3:15 of 2nd period - Slapshot by Denver Manderson.
3:15 of 2nd period - Shot Misses the Net.
3:17 of 2nd period - Backhand shot by Greg Zanon.
3:17 of 2nd period - Shot Blocked by Jordan Leopold.
3:19 of 2nd period - Slapshot by Greg Zanon.
3:19 of 2nd period - Stopped by Cam Ward with a rebound.
3:21 of 2nd period - Slapshot by Jared Nightingale.
3:21 of 2nd period - Deflect By Denver Manderson.
3:21 of 2nd period - Stopped by Cam Ward with a rebound.
3:56 of 2nd period - Icing by Brandon Bollig.
3:57 of 2nd period - Nathan Longpre wins face-off versus Ty Rattie in Tigers zone.
4:26 of 2nd period - Slapshot by Justin Mercier.
4:26 of 2nd period - Shot Misses the Net.
5:33 of 2nd period - Martin Gernat is hit by Anthony Peluso and loses puck.
6:18 of 2nd period - Patrick Kaleta is hit by Nathan Longpre and loses puck.
6:33 of 2nd period - Jordan Leopold is hit by Justin Mercier.
6:37 of 2nd period - Slapshot by Denver Manderson.
6:37 of 2nd period - Stopped by Cam Ward with a rebound.
7:00 of 2nd period - Off-side.
7:01 of 2nd period - Carter Rowney wins face-off versus Deryk Engelland in neutral zone.
7:33 of 2nd period - Off-side.
7:34 of 2nd period - Alexander Khokhlachev wins face-off versus Justin Mercier in neutral zone.
7:42 of 2nd period - Minor Penalty to FARM PLAYER28 for Slashing.
7:43 of 2nd period - Mitch Moroz wins face-off versus Patrick Kaleta in Phantoms zone.
8:24 of 2nd period - Snap shot by Chris Neil.
8:24 of 2nd period - Deflect By Brandon Bollig.
8:24 of 2nd period - Shot Misses the Net.
8:24 of 2nd period - Puck is out of play.
8:25 of 2nd period - Carter Rowney wins face-off versus Chris Neil in Tigers zone.
8:30 of 2nd period - Deryk Engelland is hit by Carter Rowney and loses puck.
9:15 of 2nd period - Snap shot by Ty Rattie.
9:15 of 2nd period - Stopped by Marek Mazanec with a rebound.
9:42 of 2nd period - Penalty to FARM PLAYER28 is over, FARM PLAYER28 is back on ice.
9:47 of 2nd period - Kyle Quincey is hit by Tom Sestito and loses puck.
9:58 of 2nd period - Icing by Bryan Allen.
9:59 of 2nd period - Chris Langkow wins face-off versus Carter Rowney in Phantoms zone.
11:12 of 2nd period - Minor Penalty to Anthony Peluso for Hooking.
11:13 of 2nd period - Nathan Longpre wins face-off versus Patrick Kaleta in Tigers zone.
11:19 of 2nd period - Wrist shot by Tom Sestito.
11:19 of 2nd period - Shot Hit the Post.
11:21 of 2nd period - Slapshot by Cody Bass.
11:21 of 2nd period - Stopped by Cam Ward without a rebound.
11:22 of 2nd period - Patrick Kaleta wins face-off versus Nathan Longpre in Tigers zone.
11:41 of 2nd period - Wrist shot by Nathan Longpre.
11:41 of 2nd period - Stopped by Cam Ward with a rebound.
12:00 of 2nd period - Off-side.
12:01 of 2nd period - Chris Langkow wins face-off versus Ronalds Kenins in neutral zone.
12:21 of 2nd period - Kyle Quincey is hit by Deryk Engelland.
12:43 of 2nd period - Snap shot by Garrett Wilson.
12:43 of 2nd period - Stopped by Cam Ward without a rebound.
12:44 of 2nd period - Chris Langkow wins face-off versus Ronalds Kenins in Tigers zone.
13:09 of 2nd period - Patrick Kaleta is hit by Tom Sestito.
13:12 of 2nd period - Penalty to Anthony Peluso is over, Anthony Peluso is back on ice.
13:28 of 2nd period - Brandon Bollig is hit by Deryk Engelland and loses puck.
13:40 of 2nd period - Backhand shot by Stephen Johns.
13:40 of 2nd period - Shot Misses the Net.
13:42 of 2nd period - Snap shot by Jared Nightingale.
13:42 of 2nd period - Deflect By Ian White.
13:42 of 2nd period - Stopped by Cam Ward with a rebound.
13:49 of 2nd period - Stephen Johns and Brandon Bollig fight to a draw.
13:49 of 2nd period - Penalty to Stephen Johns for Fighting.
13:49 of 2nd period - Penalty to Brandon Bollig for Fighting.
13:49 of 2nd period - Penalty to Stephen Johns for instigated a fight.
13:49 of 2nd period - Penalty to Stephen Johns for instigated a fight.
13:50 of 2nd period - Carter Rowney wins face-off versus Chris Neil in Tigers zone.
14:12 of 2nd period - Slapshot by Jordan Leopold.
14:12 of 2nd period - Stopped by Marek Mazanec with a rebound.
14:14 of 2nd period - Slapshot by Jordan Leopold.
14:14 of 2nd period - Shot Blocked by Martin Gernat.
14:16 of 2nd period - Slapshot by Jordan Leopold.
14:16 of 2nd period - Deflect By Chris Neil.
14:16 of 2nd period - Stopped by Marek Mazanec with a rebound.
14:44 of 2nd period - Chris Langkow is hit by Kyle Quincey and loses puck.
15:49 of 2nd period - Penalty to Stephen Johns is over, Mitch Moroz is send on ice.
16:23 of 2nd period - Slapshot by Deryk Engelland.
16:23 of 2nd period - Shot Misses the Net.
16:25 of 2nd period - Slapshot by Bryan Allen.
16:25 of 2nd period - Stopped by Cam Ward with a rebound.
16:37 of 2nd period - Slapshot by Justin Mercier.
16:37 of 2nd period - Shot Blocked by Ian White.
16:39 of 2nd period - Slapshot by Bryan Allen.
16:39 of 2nd period - Shot Blocked by Ian White.
17:09 of 2nd period - Chandler Stephenson is hit by Cody Bass and loses puck.
18:02 of 2nd period - Wrist shot by Kyle Quincey.
18:02 of 2nd period - Shot Misses the Net.
18:04 of 2nd period - Snap shot by Patrick Kaleta.
18:04 of 2nd period - Shot Blocked by Jared Nightingale.
18:06 of 2nd period - Slapshot by Patrick Kaleta.
18:06 of 2nd period - Deflect By Anthony Peluso.
18:06 of 2nd period - Stopped by Marek Mazanec without a rebound.
18:07 of 2nd period - Chandler Stephenson wins face-off versus Chris Langkow in Phantoms zone.
Goals for this period are 0 for Tigers vs 0 for Phantoms.
Shots for this period are 4 for Tigers vs 9 for Phantoms.

3rd period


0:01 of 3rd period - Chris Langkow wins face-off versus Alexander Khokhlachev in neutral zone.
0:05 of 3rd period - Snap shot by Garrett Wilson.
0:05 of 3rd period - Shot Misses the Net.
0:07 of 3rd period - Slapshot by Deryk Engelland.
0:07 of 3rd period - Stopped by Cam Ward with a rebound.
0:09 of 3rd period - Snap shot by Garrett Wilson.
0:09 of 3rd period - Stopped by Cam Ward with a rebound.
0:11 of 3rd period - Slapshot by Bryan Allen.
0:11 of 3rd period - Stopped by Cam Ward without a rebound.
0:12 of 3rd period - Alexander Khokhlachev wins face-off versus Garrett Wilson in Tigers zone.
1:03 of 3rd period - Kyle Quincey is hit by Justin Mercier and loses puck.
1:12 of 3rd period - Justin Mercier is hit by Brandon Bollig and loses puck.
1:32 of 3rd period - Snap shot by Ty Rattie.
1:32 of 3rd period - Stopped by Marek Mazanec with a rebound.
2:43 of 3rd period - Wrist shot by Ronalds Kenins.
2:43 of 3rd period - Stopped by Marek Mazanec with a rebound.
3:15 of 3rd period - Snap shot by Brandon Bollig.
3:15 of 3rd period - Shot Misses the Net.
3:31 of 3rd period - Chris Neil is hit by Alexander Khokhlachev and loses puck.
3:50 of 3rd period - Slapshot by Ty Rattie.
3:50 of 3rd period - Stopped by Marek Mazanec without a rebound.
3:51 of 3rd period - Carter Rowney wins face-off versus Justin Mercier in Phantoms zone.
4:57 of 3rd period - Anthony Peluso is hit by Nathan Longpre and loses puck.
5:07 of 3rd period - Icing by Kane Lafranchise.
5:08 of 3rd period - Justin Mercier wins face-off versus Chandler Stephenson in Tigers zone.
5:19 of 3rd period - Slapshot by Deryk Engelland.
5:19 of 3rd period - Deflect By FARM PLAYER28.
5:19 of 3rd period - Stopped by Cam Ward with a rebound.
5:27 of 3rd period - Deryk Engelland is hit by Anthony Peluso and loses puck.
6:15 of 3rd period - Minor Penalty to Chris Neil for Roughing.
6:16 of 3rd period - Carter Rowney wins face-off versus Mitch Moroz in Phantoms zone.
6:38 of 3rd period - Slapshot by Garrett Wilson.
6:38 of 3rd period - Stopped by Cam Ward with a rebound.
6:44 of 3rd period - Slapshot by Martin Gernat.
6:44 of 3rd period - Shot Blocked by Jordan Leopold.
6:50 of 3rd period - Snap shot by Mitch Moroz.
6:50 of 3rd period - Stopped by Cam Ward with a rebound.
6:52 of 3rd period - Slapshot by Martin Gernat.
6:52 of 3rd period - Stopped by Cam Ward with a rebound.
8:04 of 3rd period - Deryk Engelland is hit by Brandon Defazio and loses puck.
8:15 of 3rd period - Penalty to Chris Neil is over, Chris Neil is back on ice.
8:49 of 3rd period - 10 Minutes Misconduct Penalty to Stephen Johns is over.
9:04 of 3rd period - Off-side.
9:05 of 3rd period - Chris Langkow wins face-off versus Caleb Herbert in neutral zone.
10:26 of 3rd period - Nathan Longpre is hit by Ronalds Kenins and loses puck.
11:19 of 3rd period - Snap shot by Chris Neil.
11:19 of 3rd period - Shot Blocked by Brandon Bollig.
11:21 of 3rd period - Slapshot by Deryk Engelland.
11:21 of 3rd period - Stopped by Cam Ward with a rebound.
12:51 of 3rd period - Slapshot by Garrett Wilson.
12:51 of 3rd period - Stopped by Cam Ward with a rebound.
13:26 of 3rd period - Alexander Khokhlachev is hit by Justin Mercier and loses puck.
13:55 of 3rd period - Minor Penalty to Ian White for Goalie Interference.
13:56 of 3rd period - Chris Langkow wins face-off versus Chandler Stephenson in Tigers zone.
13:57 of 3rd period - Wrist shot by Chris Neil.
13:57 of 3rd period - Stopped by Cam Ward with a rebound.
14:32 of 3rd period - Justin Kea is hit by Deryk Engelland and loses puck.
15:22 of 3rd period - Icing by Martin Gernat.
15:23 of 3rd period - Justin Kea wins face-off versus Nathan Longpre in Phantoms zone.
15:55 of 3rd period - Penalty to Ian White is over, Ian White is back on ice.
16:06 of 3rd period - Deryk Engelland is hit by Brandon Bollig and loses puck.
16:15 of 3rd period - Snap shot by Brandon Bollig.
16:15 of 3rd period - Stopped by Marek Mazanec with a rebound.
16:17 of 3rd period - Snap shot by Ty Rattie.
16:17 of 3rd period - Shot Blocked by Nathan Longpre.
16:19 of 3rd period - Slapshot by Ian White.
16:19 of 3rd period - Shot Misses the Net.
16:21 of 3rd period - Slapshot by Ian White.
16:21 of 3rd period - Stopped by Marek Mazanec without a rebound.
16:22 of 3rd period - Justin Mercier wins face-off versus Carter Rowney in Phantoms zone.
17:09 of 3rd period - Jared Nightingale is hit by Ian White and loses puck.
17:18 of 3rd period - Keith Seabrook is hit by Greg Zanon and loses puck.
17:25 of 3rd period - Minor Penalty to Rene Bourque for Hooking.
17:26 of 3rd period - Patrick Kaleta wins face-off versus Nathan Longpre in Tigers zone.
17:26 of 3rd period - Patrick Kaleta is hit by Nathan Longpre.
18:19 of 3rd period - Greg Zanon is hit by Brandon Bollig and loses puck.
18:28 of 3rd period - Bryan Allen is hit by Brandon Bollig.
19:18 of 3rd period - Bryan Allen is hit by Patrick Kaleta.
19:22 of 3rd period - Slapshot by Deryk Engelland.
19:22 of 3rd period - Shot Misses the Net.
19:24 of 3rd period - Snap shot by Nathan Longpre.
19:24 of 3rd period - Shot Misses the Net.
19:25 of 3rd period - Penalty to Rene Bourque is over, Rene Bourque is back on ice.
19:26 of 3rd period - Slapshot by Tom Sestito.
19:26 of 3rd period - Shot Blocked by Kyle Quincey.
19:40 of 3rd period - Ronalds Kenins is hit by Martin Gernat and loses puck.
Goals for this period are 0 for Tigers vs 0 for Phantoms.
Shots for this period are 5 for Tigers vs 10 for Phantoms.

Overtime #1


0:01 of 1st overtime period - Chris Neil wins face-off versus Alexander Khokhlachev in neutral zone.
0:04 of 1st overtime period - Snap shot by Bryan Allen.
0:04 of 1st overtime period - Stopped by Cam Ward with a rebound.
0:12 of 1st overtime period - Wrist shot by Chris Neil.
0:12 of 1st overtime period - Shot Misses the Net.
0:30 of 1st overtime period - Backhand shot by Alexander Khokhlachev.
0:30 of 1st overtime period - Stopped by Marek Mazanec without a rebound.
0:31 of 1st overtime period - Alexander Khokhlachev wins face-off versus Chris Neil in Phantoms zone.
0:38 of 1st overtime period - Snap shot by Rene Bourque.
0:38 of 1st overtime period - Stopped by Marek Mazanec with a rebound.
0:40 of 1st overtime period - Backhand shot by Alexander Khokhlachev.
0:40 of 1st overtime period - Stopped by Marek Mazanec with a rebound.
1:02 of 1st overtime period - Slapshot by Chris Neil.
1:02 of 1st overtime period - Stopped by Cam Ward with a rebound.
1:30 of 1st overtime period - Bryan Allen is hit by Alexander Khokhlachev and loses puck.
2:16 of 1st overtime period - Snap shot by Patrick Kaleta.
2:16 of 1st overtime period - Stopped by Marek Mazanec without a rebound.
2:17 of 1st overtime period - Chris Langkow wins face-off versus Alexander Khokhlachev in Phantoms zone.
2:42 of 1st overtime period - Wrist shot by Chris Langkow.
2:42 of 1st overtime period - Stopped by Cam Ward with a rebound.
3:03 of 1st overtime period - Wrist shot by Ty Rattie.
3:03 of 1st overtime period - Shot Misses the Net.
3:10 of 1st overtime period - Wrist shot by Brandon Bollig.
3:10 of 1st overtime period - Shot Misses the Net.
3:12 of 1st overtime period - Slapshot by Brandon Bollig.
3:12 of 1st overtime period - Shot Blocked by Greg Zanon.
3:14 of 1st overtime period - Backhand shot by Ty Rattie.
3:14 of 1st overtime period - Stopped by Marek Mazanec without a rebound.
3:15 of 1st overtime period - Brandon Defazio wins face-off versus Justin Mercier in Phantoms zone.
3:22 of 1st overtime period - Slapshot by Patrick Kaleta.
3:22 of 1st overtime period - Shot Blocked by Bryan Allen.
3:30 of 1st overtime period - Wrist shot by Patrick Kaleta.
3:30 of 1st overtime period - Stopped by Marek Mazanec without a rebound.
3:31 of 1st overtime period - Brandon Defazio wins face-off versus Justin Mercier in Phantoms zone.
3:44 of 1st overtime period - Wrist shot by Bryan Allen.
3:44 of 1st overtime period - Shot Misses the Net.
3:46 of 1st overtime period - Wrist shot by Denver Manderson.
3:46 of 1st overtime period - Shot Misses the Net.
3:48 of 1st overtime period - Backhand shot by Bryan Allen.
3:48 of 1st overtime period - Shot Misses the Net.
3:50 of 1st overtime period - Slapshot by Deryk Engelland.
3:50 of 1st overtime period - Deflect By Justin Mercier.
3:50 of 1st overtime period - Shot Blocked by Kyle Quincey.
3:50 of 1st overtime period - Puck is out of play.
3:51 of 1st overtime period - Alexander Khokhlachev wins face-off versus Chris Neil in Tigers zone.
4:27 of 1st overtime period - Slapshot by Patrick Kaleta.
4:27 of 1st overtime period - Shot Blocked by Deryk Engelland.
4:42 of 1st overtime period - Snap shot by Patrick Kaleta.
4:42 of 1st overtime period - Shot Misses the Net.
4:56 of 1st overtime period - Garrett Wilson is hit by Ronalds Kenins and loses puck.
Goals for this period are 0 for Tigers vs 0 for Phantoms.
Shots for this period are 6 for Tigers vs 3 for Phantoms.

ShootOut


5:00 of 1st overtime period - Penalty Shot by Ronalds Kenins for Tigers.
5:00 of 1st overtime period - Snap shot by Ronalds Kenins.
5:00 of 1st overtime period - Stopped by Marek Mazanec.
5:00 of 1st overtime period - Penalty Shot by Deryk Engelland for Phantoms.
5:00 of 1st overtime period - Wrist shot by Deryk Engelland.
5:00 of 1st overtime period - Shot Misses the Net.
5:00 of 1st overtime period - Penalty Shot by Rene Bourque for Tigers.
5:00 of 1st overtime period - Snap shot by Rene Bourque.
5:00 of 1st overtime period - Shot Misses the Net.
5:00 of 1st overtime period - Penalty Shot by Chris Neil for Phantoms.
5:00 of 1st overtime period - Backhand shot by Chris Neil.
5:00 of 1st overtime period - Stopped by Cam Ward.
5:00 of 1st overtime period - Penalty Shot by Brandon Bollig for Tigers.
5:00 of 1st overtime period - Wrist shot by Brandon Bollig.
5:00 of 1st overtime period - Goal by Brandon Bollig.
5:00 of 1st overtime period - Penalty Shot by Garrett Wilson for Phantoms.
5:00 of 1st overtime period - Deke by Garrett Wilson.
5:00 of 1st overtime period - Shot Misses the Net.